cohdb
Replays
Latest Replays
All Replays
Popular Replays
Top Player Replays
Match Explorer
How It Works
Community
CoH3 Stats
Reddit
Sign in to upload your games and track your stats! →
Sign in with Steam
Match 47039846
Unlisted
Match 47039846
Overview
Messages
Build Orders
End
Construct Infanterie Kompanie
Selects Breakthrough Battlegroup
Selects Assault Grenadiers
Grenadier Squad
Grenadier Squad
MG 42 Machine Gun Team
Grenadier Squad
Infanterie Officer Quarters
Selects Rapid Production
MG 42 Bunker
Construct Luftwaffe Kompanie
Flak 30 Anti-aircraft Gun Team
Selects Smoke Bombing Run
Support Elements
Wirbelwind Flakpanzer
Selects Mechanized Assault Group
Marder III M Tank Destroyer
Marder III M Tank Destroyer
Mechanized Assault Group
Selects Blitzkrieg
Forward Retreat Point
Bell蒙哥玛玛铃
ExpLoSion!
名字很长很厉害GX
sdkfz251
Oziligath
Pfc. Nicolas Venril
Vet. Andrew Phillips
Lt.Col. Stan Ocelot "Lancelot"
0
0
Comments
sign in to comment!
No comments posted yet!